 Dungeon Crawl Stone Soup version 0.17.0-24-gcfadda4 (webtiles) character file.

992 TruthSerum the Ruffian (level 7, -4/72 HPs)
             Began as a Troll Monk on Nov 15, 2015.
             Was a Priest of Okawaru.
             Slain by an orc warrior
             ... wielding a +0 battleaxe
              (17 damage)
             ... on level 6 of the Dungeon.
             The game lasted 00:17:09 (4019 turns).

TruthSerum the Ruffian (Troll Monk)                 Turns: 4019, Time: 00:17:09

Health: -4/72      AC:  6    Str: 20    XL:     7   Next: 98%
Magic:  7/7        EV: 12    Int:  4    God:    Okawaru [***...]
Gold:   242        SH:  0    Dex: 12    Spells: 0 memorised, 6 levels left

rFire  + . .     SeeInvis .       - Unarmed
rCold  . . .     Clarity  .     a - +0 robe
rNeg   . . .     SustAt   .     (no shield)
rPois  .         Gourm    +     (helmet restricted)
rElec  .         Spirit   .     s - +0 cloak
rCorr  .         Warding  .     (gloves unavailable)
rMut   .         Stasis   .     (boots unavailable)
MR     .....                    (no amulet)
Stlth  +.........               (no ring)
                                l - ring of protection from fire

@: not resistant to hostile enchantments, very unstealthy
A: unfitting armour, claws 3, clumsy 1, dopey 1, fast metabolism 3, gourmand,
regeneration 2, shaggy fur 1, tough skin 2, wild magic 1
a: Heroism, Renounce Religion


You were on level 6 of the Dungeon.
You worshipped Okawaru.
Okawaru was most pleased with you.
You were completely stuffed.

You visited 2 branches of the dungeon, and saw 7 of its levels.

You collected 401 gold pieces.
You spent 159 gold pieces at shops.

Inventory:

Armour
 a - a +0 robe (worn)
 s - a +0 cloak (worn)
Jewellery
 l - a ring of protection from fire (left claw)
Wands
 k - a wand of slowing (8)
 y - a wand of digging (11)
Scrolls
 f - 3 scrolls of enchant armour
 n - a scroll of fog {unknown}
 o - a scroll of remove curse {unknown}
 p - 2 scrolls of fear {unknown}
 u - a scroll of enchant weapon
 v - a scroll of teleportation {unknown}
 w - a scroll of blinking {unknown}
 x - a scroll of brand weapon {unknown}
Potions
 c - 3 potions of curing {unknown}
 e - 2 potions of flight {unknown}
 g - a potion of heal wounds
 h - a potion of agility
 j - a potion of lignification
 r - a potion of brilliance {unknown}
 t - a potion of poison {unknown}
 z - a potion of cancellation {unknown}
Comestibles
 b - 6 bread rations
 d - 2 meat rations
 i - 3 chunks of flesh
 m - a beef jerky


   Skills:
 + Level 5.0 Fighting
 + Level 5.0 Dodging
 - Level 1.1 Stealth
 + Level 6.3 Unarmed Combat
 + Level 1.5 Invocations


You had 6 spell levels left.
You didn't know any spells.

Dungeon Overview and Level Annotations

Branches:
Dungeon (6/15)             Temple (1/1) D:4

Altars:
Cheibriados
Dithmenos
Fedhas
Kikubaaqudgha
Makhleb
Okawaru
Qazlal
Ru
Sif Muna
Trog
Vehumet
Xom
Yredelemnul
The Shining One

Shops:
D:4 [***


Innate Abilities, Weirdness & Mutations

You are too large for most types of armour.
You have claws for hands.
Your metabolism is lightning-fast.
You like to eat raw meat.
You heal very quickly.
You are covered in fur (AC +1).
You have very tough skin (AC +2).
You are clumsy. (Dex -2)
You are dopey. (Int -2)
Your spells are a little harder to cast, but a little more powerful.


Message History

The orc priest miscasts a cantrip.
You barely miss the orc warrior. You claw the orc warrior.
The orc warrior is heavily wounded.
The orc warrior hits you with a battleaxe!
You claw the orc warrior!
The orc warrior is almost dead.
The orc priest looks braver for a moment.
The orc warrior hits you with a battleaxe!
You scratch the orc warrior.
The orc warrior is almost dead.
The orc priest invokes the aid of Beogh against you.
Something smites you!
* * * LOW HITPOINT WARNING * * *
You closely miss the orc warrior.
The orc warrior is almost dead.
The orc warrior closely misses you.
You scratch the orc warrior but do no damage.
The orc warrior is almost dead.
The orc warrior hits you with a battleaxe!
You die...

#.# #.# ... #.# #..
#o# #o# #@#
#######.#
........##
######...##########
#............#
#...##.#####.#
#......# #.#
#.###### #.# #. #.#


You could see an orc warrior and an orc priest.

Vanquished Creatures
  A phantom (D:5)
  3 vampire bats (D:5)
  A hound (D:5)
  A centaur skeleton (D:4)
  A quasit (D:5)
  An iguana (D:4)
  Crazy Yiuf (D:3)
  4 orc priests
  5 orc wizards
  Jessica (D:3)
  Terence (D:2)
  Natasha (thrice) (D:3)
  3 worker ants
  A gnoll (D:3)
  9 adders
  A shadow imp (D:5)
  2 worms
  2 giant geckos
  9 orcs
  3 ball pythons
  2 bat skeletons (D:5)
  4 bat zombies (D:5)
  7 goblins
  5 hobgoblins
  16 jackals
  9 kobolds
  5 quokkas
  6 bats
  6 giant cockroaches
  A giant gecko skeleton (D:4)
  5 giant newts
  A quokka zombie (D:5)
  11 rats
131 creatures vanquished.

Notes
Turn   | Place    | Note
--------------------------------------------------------------
     0 | D:1      | TruthSerum the Troll Monk began the quest for the Orb.
     0 | D:1      | Reached XP level 1. HP: 22/22 MP: 0/0
    70 | D:1      | Reached XP level 2. HP: 29/29 MP: 1/1
   931 | D:2      | Reached XP level 3. HP: 31/36 MP: 2/2
  1115 | D:2      | Noticed Terence
  1120 | D:2      | Killed Terence
  1120 | D:2      | Reached XP level 4. HP: 41/45 MP: 3/3
  1144 | D:2      | Found a stormy altar of Qazlal.
  1149 | D:2      | Found an iron altar of Okawaru.
  1153 | D:2      | Became a worshipper of Warmaster Okawaru
  1153 | D:2      | Reached * piety under Okawaru
  1153 | D:2      | Reached ** piety under Okawaru
  1255 | D:2      | Found a bloodstained altar of Trog.
  1619 | D:3      | Noticed Natasha
  1622 | D:3      | Killed Natasha
  1622 | D:3      | Reached XP level 5. HP: 50/53 MP: 4/4
  1625 | D:3      | Noticed Jessica
  1634 | D:3      | Killed Jessica
  1679 | D:3      | Reached skill level 5 in Unarmed Combat
  1891 | D:3      | Found a snail-covered altar of Cheibriados.
  1906 | D:3      | Reached XP level 6. HP: 39/62 MP: 5/5
  1964 | D:3      | Found a radiant altar of Vehumet.
  2138 | D:3      | Noticed Natasha
  2143 | D:3      | Killed Natasha
  2292 | D:3      | Noticed Natasha
  2299 | D:3      | Killed Natasha
  2369 | D:3      | Noticed Crazy Yiuf
  2376 | D:3      | Killed Crazy Yiuf
  2500 | D:4      | Found Iguteg's General Store.
  2580 | D:4      | Found a staircase to the Ecumenical Temple.
  2585 | Temple   | Entered the Ecumenical Temple
  2894 | D:4      | Found Haijy's Antique Armour Shop.
  2935 | D:4      | Found Houhyux's Assorted Antiques.
  2938 | D:4      | Bought a scroll labeled MARONG CACRADI for 29 gold pieces
  2938 | D:4      | Bought a scroll labeled NOODUU GUZXIALEV for 29 gold pieces
  2938 | D:4      | Bought a smoky red potion for 26 gold pieces
  3099 | D:4      | Found Hinegh's General Store.
  3122 | D:4      | Bought a scroll of enchant armour for 75 gold pieces
  3143 | D:4      | Reached *** piety under Okawaru
  3192 | D:5      | Entered Level 5 of the Dungeon
  3202 | D:5      | Reached XP level 7. HP: 60/71 MP: 6/6
  3375 | D:5      | Found an ancient bone altar of Kikubaaqudgha.
  3441 | D:5      | Gained mutation: Your spells are a little harder to cast, but a little more powerful. [potion of mutation]
  3441 | D:5      | Gained mutation: You are clumsy. (Dex -2) [potion of mutation]
  3441 | D:5      | Gained mutation: You are dopey. (Int -2) [potion of mutation]
  3664 | D:5      | Reached skill level 6 in Unarmed Combat
  3759 | D:5      | Reached skill level 1 in Invocations
  3902 | D:5      | Reached skill level 5 in Fighting
  4004 | D:6      | Reached skill level 5 in Dodging
  4019 | D:6      | Slain by an orc warrior

Action                   |  1- 3 |  4- 6 |  7- 9 || total
-------------------------+-------+-------+-------++-------
Melee: Unarmed           |    92 |   220 |   102 ||   414
  Use: Scroll            |       |     6 |     2 ||     8
       Potion            |       |       |     1 ||     1
 Stab: Sleeping          |     2 |     1 |     2 ||     5
  Eat: Chunk             |    16 |    19 |     8 ||    43
